 Dungeon Crawl Stone Soup version 0.27.1-33-g824d729ab1 (webtiles) character file.

Game seed: 4565423387960760532

412 demibob the Chopper (level 6, -3/35 HPs)
             Began as a Tengu Gladiator on Dec 8, 2021.
             Slain by a gnoll sergeant (11 damage)
             ... on level 5 of the Dungeon.
             The game lasted 00:06:40 (5238 turns).

demibob the Chopper (Tengu Gladiator)               Turns: 5238, Time: 00:06:40

Health: -3/35      AC:  4    Str: 15    XL:     6   Next: 90%
Magic:  7/7        EV: 17    Int:  9    God:
Gold:   172        SH:  0    Dex: 22    Spells: 5/5 levels left

rFire    . . .     SeeInvis .   a - +1 war axe
rCold    . . .     Faith    .   (no shield)
rNeg     + . .     Spirit   .   b - +0 leather armour
rPois    +         Reflect  .   c - +1 hat
rElec    .         Harm     .   (no cloak)
rCorr    .         Rampage  .   (no gloves)
Will     .....                  (boots unavailable)
Stlth    ++........             (no amulet)
HPRegen  0.11/turn              l - ring "Amumi" {rPois rN+}
MPRegen  0.10/turn              D - +6 ring of dexterity

@: brilliant, lethally poisoned (-3 -> -10), attractive, flying quickly and
evasively, quick
A: beak, talons 3, nimble flight
a: no special abilities


You were on level 5 of the Dungeon.
You visited 2 branches of the dungeon, and saw 6 of its levels.

You collected 172 gold pieces.


Innate Abilities, Weirdness & Mutations

You have a beak for a mouth.
You have claws for feet.
Your magical nature lets you fly swiftly and evasively.


   Skills:
 - Level 2.0 Fighting
 + Level 6.2 Axes
 - Level 2.0 Throwing
 - Level 4.0 Armour
 + Level 4.5 Dodging


You had 5 spell levels left.
You didn't know any spells.
Your spell library contained the following spells:

 Spells                   Type           Power      Damage    Failure   Level
 Slow                     Hex            0%         N/A       58%         2
 Confusing Touch          Hex            0%         N/A       83%         3
 Vampiric Draining        Necr           0%         2d6       83%         3

Inventory:

Hand Weapons
 a - a +1 war axe (weapon)
Missiles
 d - a throwing net (quivered) {=f}
Armour
 b - a +0 leather armour (worn)
 c - a +1 hat (worn)
Jewellery
 l - the ring "Amumi" (left hand) {rPois rN+}
   (You found it on level 5 of the Dungeon)

   [ring of poison resistance]

   rPois:     It protects you from poison.
   rN:        It protects you from negative energy.
 D - a +6 ring of dexterity (right hand)
 F - a ring of protection from fire
Wands
 h - a wand of iceblast (14)
Scrolls
 g - a scroll of amnesia
 i - 3 scrolls of teleportation {@r2}
Potions
 f - a potion of might
 k - a potion of lignification

Dungeon Overview and Level Annotations

Branches:
Dungeon (5/15)             Temple (1/1) D:4

Altars:
Ashenzari
Cheibriados
Dithmenos
Gozag
Hepliaklqana
Nemelex Xobeh
Okawaru
Uskayaw
Xom
Yredelemnul
Zin

Shops:
D:1 (   D:2 [ .# #. .. ######### #. #.......# ###. #.#.......# #gg

#.#.......# #g# #
#.#.......# #@# .
#.#.......# #.###.#
.##.#.......####.....▒
....#................▒
#.#.#.......<######..▒
#............# ..▒
#..........#.# .▒
##..######.#.# . #..#
..### ..


You could see a gnoll sergeant and 2 gnolls.


Message History

You feel sick. The gnoll sergeant closely misses you.
Unknown command.
You hit the gnoll sergeant. You claw the gnoll sergeant.
You peck the gnoll sergeant, but do no damage.
The gnoll sergeant is heavily wounded.
You feel sick. The gnoll sergeant closely misses you.
Unknown command.
You hit the gnoll sergeant. Your kick misses the gnoll sergeant.
The gnoll sergeant is heavily wounded.
You feel sick.
The gnoll sergeant hits you with a +2 trident of venom.
Unknown command.
You barely miss the gnoll sergeant. You claw the gnoll sergeant!
You peck the gnoll sergeant, but do no damage.
The gnoll sergeant is almost dead.
You feel sick.
The gnoll sergeant hits you with a +2 trident of venom!
* * * LOW HITPOINT WARNING * * *
You are more poisoned.
It was a potion of brilliance.
You feel clever all of a sudden.
* * * LOW HITPOINT WARNING * * *
You feel very sick. The gnoll sergeant barely misses you.
Unknown command.
It was a potion of attraction.
You feel attractive to monsters.
You feel sick.
The gnoll sergeant hits you with a +2 trident of venom!
You die...

Skill      XL: |  1  2  3  4  5  6 |
---------------+-------------------+-----
Dodging        | 4 |  4.5
Axes           | 4 5 6 |  6.2
Armour         | 1 3 4 |  4.0
Fighting       | |  2.0
Throwing       | |  2.0

Action                   |  1- 3 |  4- 6 || total
-------------------------+-------+-------++-------
Melee: War axe           |    64 |   130 ||   194
       Kick              |    15 |    37 ||    52
       Peck              |     9 |    23 ||    32
Throw: Throwing net      |     1 |     1 ||     2
  Use: Scroll            |     5 |     6 ||    11
       Potion            |       |     5 ||     5
 Stab: Sleeping          |     1 |     1 ||     2
       Held in net/web   |       |     1 ||     1
Armor: Leather armour    |     9 |    24 ||    33
Dodge: Dodged            |    41 |   103 ||   144

Levels and vault maps discovered:
D:1:      amcnicky_arrival_choice, layout_basic, serial_shops,
          nicolae_shop_window_shopping
D:2:      layout_basic, hellmonk_ecumenical_altar_pennies_from_heaven,
          serial_shops, shop, chequers_serial_rivers_micro_b,
          minmay_goblin_outpost
D:3:      layout_basic, lemuel_tele_altar, minmay_misc_feat_x, uniq_jessica
D:4:      layout_cave_pools, minmay_temple_entry_overgrown,
          kennysheep_another_room, kennysheep_cluttered_room,
          minmay_misc_feat_square, uniq_ijyb
D:5:      layout_basic, lemuel_crystal_altar, kennysheep_mini_moat,
          gammafunk_temple_overflow_wave, serial_shops, shop,
          gammafunk_ghost_split, st_stairs_2, mrwooster_statue_mirror
Temple:   jpeg_temple_alley_garden

Notes
Turn   | Place    | Note
-------+----------+-------------------------------------------
     0 | D:1      | demibob the Tengu Gladiator began the quest for the Orb.
     0 | D:1      | Reached XP level 1. HP: 12/12 MP: 2/2
   170 | D:1      | Reached XP level 2. HP: 16/17 MP: 3/3
   780 | D:1      | Found Plog's Antique Weapon Shop.
   807 | D:1      | Reached XP level 3. HP: 16/21 MP: 4/4
  1023 | D:1      | Reached skill level 4 in Dodging
  1157 | D:2      | Reached skill level 4 in Axes
  1388 | D:2      | Found Xugg's Antique Armour Emporium.
  1427 | D:2      | Reached XP level 4. HP: 25/26 MP: 5/5
  1586 | D:2      | Found a faded altar of an unknown god.
  1942 | D:2      | Reached skill level 1 in Armour
  3059 | D:3      | Gained mutation: Your magical nature lets you fly swiftly
                  | and evasively. [Tengu growth]
  3059 | D:3      | Reached XP level 5. HP: 30/30 MP: 6/6
  3125 | D:3      | Noticed Jessica
  3130 | D:3      | Killed Jessica
  3131 | D:3      | Reached skill level 5 in Axes
  3138 | D:3      | Reached skill level 2 in Armour
  3138 | D:3      | Found a sparkling altar of Nemelex Xobeh.
  3723 | D:4      | Found a staircase to the Ecumenical Temple.
  3737 | Temple   | Entered the Ecumenical Temple
  4042 | D:4      | HP: 2/30 [kobold (4)]
  4319 | D:4      | Noticed Ijyb
  4334 | D:4      | Killed Ijyb
  4335 | D:4      | Reached skill level 3 in Armour
  4335 | D:4      | Reached XP level 6. HP: 21/35 MP: 7/7
  5136 | D:5      | Entered Level 5 of the Dungeon
  5144 | D:5      | Reached skill level 6 in Axes
  5144 | D:5      | Reached skill level 4 in Armour
  5197 | D:5      | Identified the ring "Amumi" {rPois rN+}
  5238 | D:5      | Slain by a gnoll sergeant

Vanquished Creatures
  A phantom (D:5)
  A scorpion (D:4)
  Jessica (D:3)
  Ijyb (D:4)
  An iguana (D:4)
  An orc wizard (D:4)
  2 adders (D:4)
  5 gnolls
  3 worms (D:3)
  3 dart slugs
  10 orcs
  2 ball pythons (D:1)
  7 endoplasms
  A giant cockroach (D:4)
  11 goblins
  10 hobgoblins
  5 quokkas
  5 bats
  5 frilled lizards (D:2)
  13 kobolds
  11 rats
99 creatures vanquished.

Vanquished Creatures (others)
  2 plants (D:4)
2 creatures vanquished.

Grand Total: 101 creatures vanquished

Table legend: (Time is in decaauts)
 A = Elapsed time spent in this place.
 B = Non-inter-level travel time spent in this place.
 C = Inter-level travel time spent in this place.
 D = Time resting spent in this place.
 E = Time spent auto-exploring this place.
 F = Levels seen in this place.
 G = Mean time per level.
                   A        B        C        D        E       F      G
               +--------+--------+--------+--------+--------+-----+--------+
         Total |   5199 |   4835 |    364 |    851 |   3313 |   6 |  866.5 |
       Dungeon |   4932 |   4616 |    316 |    851 |   3098 |   5 |  986.4 |
        Temple |    267 |    220 |     47 |      0 |    214 |   1 |  267.0 |
               +--------+--------+--------+--------+--------+-----+--------+

Top non-repeatable levels by time:
     D:2: 1783 daAuts
     D:4: 1240 daAuts
     D:1: 1160 daAuts
     D:3: 652 daAuts
  Temple: 267 daAuts
     D:5: 96 daAuts

Table legend:
 A = Non-vault XP
 B = Vault XP
 C = Vault XP percentage of total XP
 D = Non-vault monster count
 E = Vault monster count
 F = Vault count percentage of total count
                 A         B        C        D         E       F
            +---------+---------+-------+---------+---------+-------
      Total |     497 |      92 |  15.6 |      87 |      12 |  12.1
            +---------+---------+-------+---------+---------+-------
        D:1 |      36 |       0 |   0.0 |      21 |       0 |   0.0
        D:2 |      91 |      20 |  18.0 |      27 |      10 |  27.0
        D:3 |      48 |      37 |  43.5 |      19 |       1 |   5.0
        D:4 |     206 |      35 |  14.5 |      18 |       1 |   5.3
        D:5 |     116 |       0 |   0.0 |       2 |       0 |   0.0
            +---------+---------+-------+---------+---------+-------
